 Dungeon Crawl Stone Soup version 0.31-a0-256-g80acddb972 (webtiles) character file.

Game seed: 16761411910043128604

2 British0li the Sneak (level 1, -5/18 HPs)
             Began as a Demonspawn Delver on July 13, 2023.
             Slain by a sky beast (6 damage)
             ... on level 6 of the Dungeon.
             The game lasted 00:00:23 (264 turns).

British0li the Sneak (Demonspawn Delver)             Turns: 264, Time: 00:00:23

Health: -5/18      AC:  3    Str: 12    XL:     1   Next: 25%
Magic:  1/1        EV: 11    Int: 11    God:
Gold:   8          SH:  0    Dex: 14    Spells: 0/0 levels left

rFire   . . .        a - +0 falchion
rCold   . . .        (no shield)
rNeg    . . .        b - +0 leather armour
rPois   .            (no helmet)
rElec   .            (no cloak)
rCorr   .            (no gloves)
SInv    .            (no boots)
Will    .....        (no amulet)
Stlth   ++           (no ring)
HPRegen 0.23/turn    (no ring)
MPRegen 0.07/turn

%: no passive effects
@: no status effects
A: no striking features
a: no special abilities


You were on level 6 of the Dungeon.
You visited 1 branch of the dungeon, and saw 2 of its levels.

You collected 8 gold pieces.

Inventory:

Hand Weapons
 a - a +0 falchion (weapon)
Missiles
 i - a throwing net
Armour
 b - a +0 leather armour (worn)
Wands
 g - a wand of digging (3)
Scrolls
 c - a scroll of fog
 d - a scroll of revelation
 e - a scroll of fear
 h - a scroll of vulnerability {unknown}
Potions
 f - a potion of haste


   Skills:
 + Level 3.0 Fighting
 + Level 1.8 Long Blades
 + Level 1.8 Dodging
 + Level 4.5 Stealth


You couldn't memorise any spells.
You didn't know any spells.
Your spell library was empty.

Dungeon Overview and Level Annotations

Branches:
Dungeon (6/15)
 Temple: D:4-7

Altars:


Message History

The orc shouts!
The orc hits you with a +0 dagger.
There is an open door here.
You closely miss the orc. The orc hits you with a +0 dagger.
You barely miss the orc. The orc closely misses you.
You closely miss the orc. The orc hits you with a +0 dagger.
You closely miss the orc. The orc hits you with a +0 dagger.
You are too injured to fight recklessly!
You are too injured to fight recklessly!
You are too injured to fight recklessly!
You closely miss the orc. The orc completely misses you.
The orc hits you with a +0 dagger.
You hit the orc.
The orc is lightly wounded.
The orc hits you but does no damage.
You hit the orc.
The orc is severely wounded.
The orc closely misses you.
You hit the orc.
The orc is almost dead.
The orc closely misses you.
You hit the orc.
You kill the orc!
You start resting.
HP restored.
A hound comes into view.
There is an open door here.
A sky beast comes into view.
The sky beast flickers out of sight!
Deactivating autopickup; reactivate with Ctrl-A.
Found a sling.
No target in view!
Something hits you. Something shocks you.
You hit something. Something hits you. Something shocks you.
* * * LOW HITPOINT WARNING * * *
Something completely misses you.
You hit something but do no damage. Something hits you.
* * * LOW HITPOINT WARNING * * *
Something shocks you.
You die...

#.......#...#.###.#.........#
#.......#.###.# #.#.........#
#######.#.....# #.#.........#
......#.#########.#####'#+#.#
.....)'...........###...#
#.#####
......#..................
#.#....
......##########........
..#.### ......# #.#..####
###.# # ......# #@..## #.# #
......# #.{....... #.# #
......# ........... #.# #
......# ............. #.# #
##+#### #............. #.# #
#............. #.# #
#......)...... #.# #
.............. #.# # #.###


There were no monsters in sight!

Vanquished Creatures
  An orc (D:6)
1 creature vanquished.

Notes
Turn   | Place    | Note
-------+----------+-------------------------------------------
     0 | D:5      | British0li the Demonspawn Delver began the quest for the
                  | Orb.
     0 | D:5      | Reached XP level 1. HP: 18/18 MP: 1/1
     1 | D:5      | Noticed an ice beast
   243 | D:6      | Noticed a hound
   260 | D:6      | Noticed a sky beast
   264 | D:6      | Slain by a sky beast

Illustrated notes

Levels and vault maps discovered:
D:5:      layout_basic
D:6:      layout_basic, gammafunk_temple_overflow_elements, chequers_mini_garden

Action                     || total
---------------------------++-------
  Melee: Falchion          ||    11
 Armour: Leather armour    ||     1
  Dodge: Dodged            ||     5

Table legend: (Time is in decaauts)
 A = Elapsed time spent in this place.
 B = Non-inter-level travel time spent in this place.
 C = Inter-level travel time spent in this place.
 D = Time resting spent in this place.
 E = Time spent auto-exploring this place.
 F = Levels seen in this place.
 G = Mean time per level.
                   A        B        C        D        E       F      G
               +--------+--------+--------+--------+--------+-----+--------+
         Total |    266 |    261 |      5 |     44 |    187 |   2 |  133.0 |
       Dungeon |    266 |    261 |      5 |     44 |    187 |   2 |  133.0 |
               +--------+--------+--------+--------+--------+-----+--------+

Top non-repeatable levels by time:
     D:6: 260 daAuts
     D:5: 6 daAuts
